[Event "Titled Tuesday Blitz January 25 2022"]
[White "Shuvalov, Evgenij"]
[Black "Aditya Mittal"]
[WhiteFideId "4187237"]
[BlackFideId "35042025"]
[WhiteElo "2119"]
[BlackElo "2287"]
[Result "0-1"]
[Round "05"]
[TimeControl "180+1"]
[Date "2022.01.26"]
[WhiteClock "0:00:21"]
[BlackClock "0:00:11"]

1. Nf3 d5 2. c4 c6 3. g3 Nf6 4. Bg2 g6 5. b3 Bg7 6. Bb2 O-O 7. O-O Nbd7 8. d3 Re8 9. Nc3 e5 10. cxd5 Nxd5 11. Rc1 Nxc3 12. Bxc3 a5 13. Qd2 a4 14. b4 Nb6 15. a3 e4 16. dxe4 Qxd2 17. Nxd2 Bg4 18. Bf3 Bxf3 19. exf3 Rad8 20. Bxg7 Kxg7 21. Nb1 Rd3 22. Kg2 Red8 23. Rfe1 Rb3 24. Re3 Rdd3 25. Rxd3 Rxd3 26. Kf1 Rxf3 27. Ke2 Rb3 28. Kd2 Kf6 29. f4 Ke6 30. Kc2 Re3 31. Nd2 Rxa3 32. Rb1 Re3 33. b5 c5 34. Kd1 c4 35. Rc1 a3 36. Ra1 c3 37. Nb1 Nc4 38. Kc2 Re2+ 39. Kxc3 Rxe4 40. Nxa3 Nxa3 41. Rxa3 Re3+ 42. Kb4 Rxa3 43. Kxa3 Kd5 44. Kb4 b6 45. g4 Kd4 46. g5 Kd5 47. h4 Kd4 48. Kb3 Kc5 49. Kc3 Kxb5 50. Kd4 Kc6 51. Ke5 Kd7 52. Kf6 Ke8 53. f5 b5 54. fxg6 fxg6 55. Ke5 Ke7 56. Kd5 b4 57. Kc4 Ke6 58. Kxb4 Kf5 59. Kc4 Kg4 60. Kd4 Kxh4 61. Ke5 Kxg5 62. Ke4 Kg4 63. Ke3 Kg3 64. Ke2 Kg2 65. Ke3 h5 0-1


[Site "https://www.chess.com"]

[Event "Titled Tuesday Blitz January 25 2022"]
[White "Siva Mahadevan"]
[Black "Jaracz, Pawel"]
[WhiteFideId "25043153"]
[BlackFideId "1102222"]
[WhiteElo "2203"]
[BlackElo "2429"]
[Result "0-1"]
[Round "05"]
[TimeControl "180+1"]
[Date "2022.01.26"]
[WhiteClock "0:00:09"]
[BlackClock "0:00:06"]

1. e4 c5 2. Nf3 e6 3. d4 cxd4 4. Nxd4 Nc6 5. Nc3 Qc7 6. Be2 Nf6 7. O-O a6 8. Be3 Be7 9. f4 d6 10. Kh1 O-O 11. a4 Bd7 12. Nb3 b6 13. Bf3 Bc8 14. g4 Nd7 15. g5 Bb7 16. Bg2 Rfe8 17. Rf3 g6 18. Rh3 Nb4 19. Qd2 Bf8 20. Rf1 Bg7 21. f5 Ne5 22. f6 Bf8 23. Qe2 Qc4 24. Qd1 Qc7 25. Bc1 Rad8 26. Qe1 Nxc2 27. Qh4 h6 28. gxh6 Kh7 29. Bf4 Nb4 30. Rd1 Nc4 31. Qf2 e5 32. Bg5 d5 33. exd5 Nd6 34. Be3 Nc4 35. Bg5 Bc8 36. Rh4 Bf5 37. Bf1 Nd6 38. Rxb4 e4 39. Nd4 e3 40. Bxe3 Ne4 41. Nxe4 Bxe4+ 42. Bg2 Bxb4 43. Nc6 Qxc6 44. Bxe4 Qxa4 45. Bc2 Qd7 46. Bxb6 Rc8 47. Bb1 Bd6 48. Rg1 Re5 49. Qg2 Rg8 50. Bd4 Rh5 51. Re1 Rxh2+ 52. Qxh2 Bxh2 53. Kxh2 Qxd5 54. Bc3 Qh5+ 55. Kg3 Qg5+ 56. Kf3 Qh5+ 57. Kf2 Qh2+ 58. Kf3 Qh3+ 59. Kf2 Qh4+ 60. Kf3 Rd8 61. Be4 Qh5+ 62. Kf2 Rd1 63. Re3 Qh2+ 64. Kf3 Rf1+ 65. Kg4 Rf4+ 66. Kg5 Qh4# 0-1


[Site "https://www.chess.com"]

[Event "Titled Tuesday Blitz January 25 2022"]
[White "Steinberg, Nitzan"]
[Black "Hakemi, Arman"]
[WhiteFideId "2801795"]
[BlackFideId "22520805"]
[WhiteElo "2440"]
[BlackElo "2208"]
[Result "1/2-1/2"]
[Round "05"]
[TimeControl "180+1"]
[Date "2022.01.26"]
[WhiteClock "0:00:05"]
[BlackClock "0:00:31"]

1. e4 c5 2. Nf3 e6 3. d4 cxd4 4. Nxd4 Nc6 5. Nc3 Qc7 6. Be3 a6 7. Qf3 Nf6 8. O-O-O Ne5 9. Qg3 b5 10. f4 Neg4 11. e5 Nxe3 12. Qxe3 b4 13. exf6 bxc3 14. fxg7 cxb2+ 15. Kb1 Bxg7 16. Nf5 Bf8 17. Be2 Bb7 18. Rhe1 Rc8 19. Rd2 Bd5 20. c4 Bxc4 21. Rxb2 Qa5 22. Bxc4 Qxf5+ 23. Bd3 Qa5 24. Rd1 Bg7 25. Rb3 O-O 26. f5 Qe5 27. Qxe5 Bxe5 28. Bxa6 Ra8 29. Bb7 Rad8 30. h4 d5 31. g4 Kg7 32. g5 h6 33. f6+ Kg6 34. Rg1 hxg5 35. Rxg5+ Kxf6 36. Rf3+ Ke7 37. Rxe5 Rb8 38. Rb3 Rh8 39. Bxd5 Kd6 40. Rg5 exd5 41. h5 f6 42. Rg6 Ke6 43. Kc2 Rxb3 44. axb3 Rxh5 45. Rg1 Rh3 46. b4 Kd6 47. Rf1 Ke5 48. b5 f5 49. b6 Rh6 50. Rb1 Rh8 51. Kd3 Kd6 52. b7 Kc7 53. Kd4 f4 54. Kxd5 f3 55. Ke4 f2 56. Ke3 Rf8 57. Ke2 Kb8 58. Kf1 Rf7 59. Rb2 Rxb7 60. Rxb7+ Kxb7 61. Kxf2 1/2-1/2


[Site "https://www.chess.com"]

[Event "Titled Tuesday Blitz January 25 2022"]
[White "Suarez Uriel, Adrian"]
[Black "Korchmar, Vasiliy"]
[WhiteFideId "22230874"]
[BlackFideId "24131750"]
[WhiteElo "2316"]
[BlackElo "2370"]
[Result "1-0"]
[Round "05"]
[TimeControl "180+1"]
[Date "2022.01.26"]
[WhiteClock "0:00:52"]
[BlackClock "0:00:02"]

1. e4 c5 2. Ne2 d6 3. g3 Nf6 4. Bg2 e6 5. O-O Be7 6. c3 O-O 7. d4 Nc6 8. d5 Ne5 9. f4 Ng6 10. c4 b5 11. cxb5 exd5 12. exd5 a6 13. bxa6 Bxa6 14. Nbc3 Re8 15. Re1 Nd7 16. Qc2 Bf6 17. Bd2 c4 18. Ne4 Qb6+ 19. Kh1 Rxe4 20. Qxe4 Qxb2 21. Be3 Qa3 22. Bd4 Nc5 23. Qc2 Nd3 24. Bxf6 Nxe1 25. Rxe1 gxf6 26. Nc3 Rb8 27. Re2 Bc8 28. h3 Bf5 29. Be4 Bxe4+ 30. Nxe4 Qf3+ 31. Kh2 h5 32. Rf2 Qd3 33. Nxf6+ Kg7 34. Nxh5+ Kh6 35. g4 1-0


[Site "https://www.chess.com"]

[Event "Titled Tuesday Blitz January 25 2022"]
[White "Sumaneev, Dmitry"]
[Black "Efimenko, Zahar"]
[WhiteFideId "4125312"]
[BlackFideId "14107201"]
[WhiteElo "2586"]
[BlackElo "2528"]
[Result "0-1"]
[Round "05"]
[TimeControl "180+1"]
[Date "2022.01.26"]
[WhiteClock "0:00:07"]
[BlackClock "0:00:49"]

1. e4 e5 2. Nc3 Nc6 3. g3 Bc5 4. Bg2 Nf6 5. Nge2 a6 6. d3 d6 7. O-O Nd4 8. Nxd4 Bxd4 9. Ne2 Bb6 10. d4 O-O 11. c3 Re8 12. Qc2 Bg4 13. f3 Bd7 14. Be3 d5 15. exd5 Nxd5 16. Bf2 exd4 17. Nxd4 Ne3 18. Bxe3 Rxe3 19. Kh1 Qe7 20. f4 Re8 21. Rad1 Bc8 22. Nf5 Bxf5 23. Qxf5 Re2 24. Bxb7 g6 25. Qb1 Qc5 26. Bf3 R2e3 27. Qc2 Qb5 28. Qg2 Qf5 29. c4 a5 30. b3 h5 31. Bd5 Re2 0-1


[Site "https://www.chess.com"]

[Event "Titled Tuesday Blitz January 25 2022"]
[White "Sviridov, Valery"]
[Black "Tregubov, Pavel V."]
[WhiteFideId "4120680"]
[BlackFideId "4115341"]
[WhiteElo "2454"]
[BlackElo "2341"]
[Result "1-0"]
[Round "05"]
[TimeControl "180+1"]
[Date "2022.01.26"]
[WhiteClock "0:00:29"]
[BlackClock "0:00:15"]

1. Nf3 Nf6 2. g3 c5 3. Bg2 Nc6 4. O-O e5 5. c4 d5 6. cxd5 Nxd5 7. Nc3 Be6 8. d3 Be7 9. Nxd5 Bxd5 10. Bd2 O-O 11. Bc3 f6 12. a4 Rc8 13. Nd2 Bxg2 14. Kxg2 Qd5+ 15. Kg1 Rfd8 16. a5 b5 17. axb6 axb6 18. Qa4 Rb8 19. Qb5 Nd4 20. Bxd4 cxd4 21. Qxd5+ Rxd5 22. Rfc1 Bb4 23. Ne4 Ra5 24. g4 Rb7 25. Kg2 Kf7 26. Kf3 Be7 27. Rxa5 bxa5 28. Ra1 Rb5 29. Nd2 Bb4 30. Nc4 Ke6 31. e3 dxe3 32. fxe3 g6 33. e4 Rc5 34. h3 Rc7 35. Nxa5 Bxa5 36. Rxa5 Rb7 37. Ra2 Rb3 38. Ke3 h5 39. Kd2 h4 40. Kc2 Rb8 41. Ra6+ Kf7 42. Ra7+ Ke6 43. Ra6+ Kf7 44. Rc6 Ra8 45. Kd2 Ra1 46. Rc1 Ra2 47. Kc2 Ke6 48. Kb3 Ra6 49. Rc4 Kd6 50. Rc1 Ke6 51. Kc2 Kd6 52. Kd2 Rb6 53. Rb1 Rb4 54. Kc3 Kc5 55. Rf1 Rb6 56. b4+ Kb5 57. Ra1 Rc6+ 58. Kb3 Rd6 59. Rd1 Rd4 60. Kc3 Rd6 61. Ra1 Rc6+ 62. Kb3 Rd6 63. Ra5+ Kb6 64. Kc3 Rc6+ 65. Kd2 Rd6 66. Rd5 Rc6 67. b5 Rc7 68. Rd6+ Kxb5 69. Rxf6 Kc5 70. Re6 Ra7 71. Rxe5+ Kd6 72. Rg5 Ra2+ 73. Ke3 Rh2 74. Rxg6+ Ke5 75. d4# 1-0


[Site "https://www.chess.com"]

[Event "Titled Tuesday Blitz January 25 2022"]
[White "Sychev, Klementy"]
[Black "Costachi, Mihnea"]
[WhiteFideId "4114060"]
[BlackFideId "1217518"]
[WhiteElo "2564"]
[BlackElo "2464"]
[Result "1-0"]
[Round "05"]
[TimeControl "180+1"]
[Date "2022.01.26"]
[WhiteClock "0:00:04"]
[BlackClock "0:00:13"]

1. d4 Nf6 2. c4 c6 3. Bf4 d5 4. e3 g6 5. Nc3 Bg7 6. Nf3 O-O 7. h3 Bf5 8. Be2 Ne4 9. O-O Nd7 10. Qb3 Nxc3 11. bxc3 dxc4 12. Qxb7 Nb6 13. Qxc6 Bd7 14. Qc5 Rc8 15. Qa3 Nd5 16. Be5 f6 17. Bg3 Bf5 18. Rfd1 Qd7 19. Nd2 Nb6 20. e4 Be6 21. Rab1 f5 22. exf5 Bxf5 23. Rb2 h5 24. Nf3 Be4 25. Ne5 Qd5 26. Qxa7 h4 27. Bh2 Na8 28. f3 Bd3 29. Qa4 Nb6 30. Qb5 Qxb5 31. Rxb5 Bxe2 32. Re1 Na4 33. Rb4 Nxc3 34. Nxg6 Bxd4+ 35. Kh1 Rfd8 36. Nxe7+ Kf7 37. Nf5 Bd3 38. Rb7+ Kf6 39. Nxd4 Rxd4 40. Be5+ Kf5 41. Bxd4 Ne2 42. Rb5+ Kf4 43. Rc5 Nxd4 44. Rxc8 Ne2 45. Rd1 Nc3 46. Rxd3 cxd3 47. Rxc3 d2 48. Rd3 d1=Q+ 49. Rxd1 1-0


[Site "https://www.chess.com"]

[Event "Titled Tuesday Blitz January 25 2022"]
[White "Urazayev, Arystanbek"]
[Black "Weishaeutel, Moritz"]
[WhiteFideId "13709810"]
[BlackFideId "12967300"]
[WhiteElo "2321"]
[BlackElo "2002"]
[Result "1-0"]
[Round "05"]
[TimeControl "180+1"]
[Date "2022.01.26"]
[WhiteClock "0:01:15"]
[BlackClock "0:00:01"]

1. c4 e6 2. Nf3 d5 3. e3 Nf6 4. Nc3 Be7 5. b3 O-O 6. Bb2 c5 7. cxd5 exd5 8. d4 Nc6 9. Be2 Bg4 10. dxc5 Bxc5 11. O-O a6 12. Rc1 Ba7 13. Na4 Re8 14. Nc5 Qe7 15. Bxf6 Qxf6 16. Qxd5 Rad8 17. Qc4 Bxf3 18. Bxf3 Ne5 19. Qe2 Nxf3+ 20. Qxf3 Qxf3 21. gxf3 Bxc5 22. Rxc5 Rd2 23. Ra1 Red8 24. Rc7 R2d7 25. Rac1 g6 26. Kg2 Rxc7 27. Rxc7 Rd2 28. a4 Rb2 29. Rxb7 a5 30. f4 h5 31. h4 Kg7 32. Rb5 Kf6 33. Kf3 Ke6 34. Ke4 Rxf2 35. Rxa5 Rh2 36. Ra8 Rxh4 37. a5 Rh1 38. b4 Rb1 39. Rb8 Ra1 40. Rb6+ Kd7 41. a6 h4 42. Kf3 f5 43. Rxg6 Ra2 44. b5 h3 45. Rh6 h2 46. Kg3 Kc7 47. Rxh2 Ra3 48. Rh7+ Kb6 49. Rb7+ Kc5 50. Kf3 Kc4 51. a7 Kd3 52. b6 Kd2 53. Rd7+ Ke1 54. Rd8 Ra2 55. a8=Q Ra6 56. Rd1+ 1-0


[Site "https://www.chess.com"]

[Event "Titled Tuesday Blitz January 25 2022"]
[White "Vasquez Schroeder, Rodrigo"]
[Black "Garriga Cazorla, Pere"]
[WhiteFideId "3400042"]
[BlackFideId "32011601"]
[WhiteElo "2568"]
[BlackElo "2458"]
[Result "1-0"]
[Round "05"]
[TimeControl "180+1"]
[Date "2022.01.26"]
[WhiteClock "0:02:24"]
[BlackClock "0:01:17"]

1. e4 c5 2. Nf3 d6 3. d4 cxd4 4. Nxd4 Nf6 5. Nc3 a6 6. Bg5 Nbd7 7. Bc4 Qb6 8. Bb3 e6 9. Bxf6 Nxf6 10. Qd2 Qc7 11. O-O-O b5 12. a3 Be7 13. g4 g6 14. g5 Nd7 15. Bxe6 fxe6 16. Nxe6 Qc4 17. Nd5 Ra7 18. b3 Qxe4 19. Rhe1 Qf5 20. Ng7+ 1-0


[Site "https://www.chess.com"]

[Event "Titled Tuesday Blitz January 25 2022"]
[White "Visakh N R"]
[Black "Vlassov, Nikolai"]
[WhiteFideId "25012223"]
[BlackFideId "4103360"]
[WhiteElo "2454"]
[BlackElo "2407"]
[Result "0-1"]
[Round "05"]
[TimeControl "180+1"]
[Date "2022.01.26"]
[WhiteClock "0:00:08"]
[BlackClock "0:01:46"]

1. e4 Nc6 2. Nf3 d5 3. exd5 Qxd5 4. Nc3 Qa5 5. d4 Bg4 6. h3 Bxf3 7. Qxf3 O-O-O 8. Be3 e5 9. d5 Ba3 10. Rb1 Bxb2 11. Bd2 Bxc3 12. Bxc3 Qxd5 13. Qxd5 Rxd5 14. Bb2 Nf6 15. Bc4 Rd7 16. O-O Nd4 17. Rbd1 Rhd8 18. Bxd4 exd4 19. Rfe1 c5 20. Re5 b6 21. a4 Re8 22. Rde1 Rxe5 23. Rxe5 Kd8 24. g4 Re7 25. Rf5 Ke8 26. g5 Nd7 27. Rd5 Re1+ 28. Kg2 Re5 29. Rd6 Rxg5+ 30. Kf1 Ke7 31. Rc6 Ne5 0-1


[Site "https://www.chess.com"]

[Event "Titled Tuesday Blitz January 25 2022"]
[White "Vokhidov, Shamsiddin"]
[Black "Bodnaruk, Anastasia"]
[WhiteFideId "14204223"]
[BlackFideId "4181751"]
[WhiteElo "2611"]
[BlackElo "2393"]
[Result "1-0"]
[Round "05"]
[TimeControl "180+1"]
[Date "2022.01.26"]
[WhiteClock "0:00:08"]
[BlackClock "0:00:08"]

1. e4 c5 2. Nf3 d6 3. Bb5+ Bd7 4. Bxd7+ Qxd7 5. c4 Nf6 6. Nc3 Nc6 7. d4 cxd4 8. Nxd4 g6 9. O-O Bg7 10. h3 O-O 11. Be3 Rac8 12. b3 e6 13. Qf3 Ne5 14. Qe2 d5 15. f4 Nc6 16. Nxc6 bxc6 17. Rfd1 Qb7 18. Bd4 Nxe4 19. Bxg7 Kxg7 20. Nxe4 dxe4 21. Qxe4 Qb6+ 22. Qd4+ Qxd4+ 23. Rxd4 Rc7 24. Rad1 c5 25. Rd6 Rb8 26. Kf2 Rb6 27. Ke3 Kf8 28. Rd7 Rbb7 29. Rd8+ Ke7 30. g4 Rb6 31. Rh8 Ra6 32. Rdd8 Rd7 33. Rxd7+ Kxd7 34. Rxh7 Ke7 35. Rh8 Rxa2 36. Rb8 Rh2 37. Rb7+ Kf6 38. g5+ Kg7 39. Ke4 Rxh3 40. Ke5 Rd3 41. Rb5 a6 42. Rxc5 Rxb3 43. Ra5 Rc3 44. c5 Kf8 45. Kd6 Rd3+ 46. Kc7 Rd4 47. c6 Rxf4 48. Rxa6 Rc4 49. Kb7 e5 50. c7 Rb4+ 51. Rb6 Rc4 52. Rc6 1-0


[Site "https://www.chess.com"]

[Event "Titled Tuesday Blitz January 25 2022"]
[White "Vovk, Orest"]
[Black "Punin, Andrii"]
[WhiteFideId "14113490"]
[BlackFideId "14112639"]
[WhiteElo "2203"]
[BlackElo "2357"]
[Result "0-1"]
[Round "05"]
[TimeControl "180+1"]
[Date "2022.01.26"]
[WhiteClock "0:00:10"]
[BlackClock "0:00:16"]

1. e4 c6 2. Nc3 d5 3. Qe2 d4 4. Nd1 e5 5. f4 c5 6. d3 Nc6 7. Nf3 f6 8. g3 Bd6 9. Nf2 Nge7 10. f5 Qb6 11. Bg2 Bd7 12. O-O O-O-O 13. c3 Kb8 14. b4 dxc3 15. bxc5 Bxc5 16. Qc2 Nd4 17. Nxd4 Bxd4 18. Rb1 Qa6 19. Rb4 Nc6 20. Rb3 Rc8 21. Kh1 Na5 22. Ra3 Qb5 23. Ng4 b6 24. h4 Rc7 25. Ne3 Qc5 26. Nd5 Rc6 27. Re1 Rhc8 28. Be3 Bxe3 29. Rxe3 Qd4 30. Re1 Rc5 31. Rb1 Bb5 32. Kh2 Qxd3 33. Qxd3 Bxd3 34. Rc1 Ba6 35. Raxc3 Rxc3 36. Rxc3 Rxc3 37. Nxc3 Bb7 38. g4 a6 39. g5 Kc8 40. Kg3 Kd8 41. Kg4 Ke7 42. h5 h6 43. g6 Nc4 44. Kf3 b5 45. Ke2 Nd6 46. Kd3 a5 47. Ne2 b4 48. Nc1 Ba6+ 49. Kc2 a4 50. Nd3 Bxd3+ 51. Kxd3 Kd7 52. Kc2 Kc6 53. Kd3 Kc5 54. Bf3 Nb5 55. Bd1 Nc3 56. Bc2 Nxa2 57. Bxa4 Nc3 58. Bb3 Nb5 59. Bf7 Nd6 60. Bb3 Nb7 61. Bd5 Na5 62. Be6 b3 63. Kc3 b2 64. Kxb2 Kd4 65. Bd5 Nc4+ 66. Bxc4 Kxc4 67. Ka3 Kd4 68. Kb4 Kxe4 69. Kc5 Kxf5 70. Kd6 e4 71. Ke7 e3 72. Kf7 e2 73. Kxg7 e1=Q 74. Kxh6 Qe3+ 75. Kh7 Qg5 76. g7 Qxh5+ 77. Kg8 0-1


[Site "https://www.chess.com"]

[Event "Titled Tuesday Blitz January 25 2022"]
[White "Vusatiuk, Vladimir"]
[Black "Yuan, Qingyu"]
[WhiteFideId "14118610"]
[BlackFideId "8609772"]
[WhiteElo "2157"]
[BlackElo "2359"]
[Result "1-0"]
[Round "05"]
[TimeControl "180+1"]
[Date "2022.01.26"]
[WhiteClock "0:00:20"]
[BlackClock "0:00:04"]

1. d4 d5 2. c4 e6 3. Nc3 Nf6 4. cxd5 exd5 5. Bg5 c6 6. e3 h6 7. Bh4 Be7 8. Bd3 O-O 9. Nf3 Ne4 10. Bxe7 Qxe7 11. Bxe4 dxe4 12. Nd2 f5 13. Rb1 Be6 14. b4 Nd7 15. O-O b5 16. a4 a5 17. d5 Bxd5 18. axb5 axb4 19. Nxd5 cxd5 20. Qb3 Rfb8 21. Qxd5+ Qf7 22. Qxf7+ Kxf7 23. Rxb4 Nc5 24. b6 Nd3 25. Rb5 Ke6 26. b7 Ra2 27. Nb3 Kd6 28. Nd4 g6 29. Rb6+ Kc7 30. Rxg6 Rxb7 31. Rg7+ Kb8 32. Rxb7+ Kxb7 33. Nxf5 Ra6 34. Rb1+ Kc7 35. Ng3 Ra4 36. h4 Kc6 37. h5 Kc5 38. Nf5 Ra6 39. g4 Kd5 40. Rb5+ Kc4 41. Rb1 Kc3 42. Kg2 Ra2 43. Rf1 Ra6 44. Kg3 Kd2 45. Rb1 Ke2 46. Rb8 Rf6 47. Ra8 Rb6 48. Ra2+ Ke1 49. Ra4 Kf1 50. Rxe4 Nxf2 51. Rf4 Rb2 52. Nxh6 Kg1 53. Rxf2 Rxf2 54. Nf5 Re2 55. h6 Rg2+ 56. Kf4 Kf2 57. g5 Ke2 58. h7 Rh2 59. g6 Kd3 60. g7 Rxh7 61. g8=Q Rb7 62. Qd5+ 1-0


[Site "https://www.chess.com"]

[Event "Titled Tuesday Blitz January 25 2022"]
[White "Wagner, Dennis"]
[Black "Agasarov, Benik"]
[WhiteFideId "24650684"]
[BlackFideId "13314823"]
[WhiteElo "2355"]
[BlackElo "2578"]
[Result "0-1"]
[Round "05"]
[TimeControl "180+1"]
[Date "2022.01.26"]
[WhiteClock "0:00:32"]
[BlackClock "0:00:48"]

1. d4 Nf6 2. c4 g6 3. h4 Bg7 4. Nc3 c5 5. d5 d6 6. e4 b5 7. cxb5 a6 8. a4 axb5 9. Bxb5+ Bd7 10. Bd2 Bxb5 11. axb5 Rxa1 12. Qxa1 Nbd7 13. Nge2 O-O 14. Qa6 Nb6 15. b3 Nfd7 16. h5 Ne5 17. h6 Nd3+ 18. Kf1 Nb4 19. Qa5 Bf6 20. g4 Nc4 21. Qxd8 Nxd2+ 22. Kg2 Rxd8 23. f4 Nd3 24. g5 Nxf4+ 25. Kf2 Nxe2 26. gxf6 Nxc3 27. fxe7 Ndxe4+ 28. Kg2 Re8 29. b6 Nxd5 30. b7 Nxe7 31. Ra1 Rb8 32. Ra8 Nc6 33. Ra6 Rxb7 34. Rxc6 f5 35. Rc8+ Kf7 36. Rh8 Kf6 37. Kh2 Kg5 0-1


[Site "https://www.chess.com"]

[Event "Titled Tuesday Blitz January 25 2022"]
[White "Warchol, Kamil"]
[Black "Kalashian, David"]
[WhiteFideId "21858241"]
[BlackFideId "13302418"]
[WhiteElo "1905"]
[BlackElo "2490"]
[Result "0-1"]
[Round "05"]
[TimeControl "180+1"]
[Date "2022.01.26"]
[WhiteClock "0:00:24"]
[BlackClock "0:01:29"]

1. e4 c6 2. d4 g6 3. Nf3 Bg7 4. Nc3 d6 5. Bc4 Nf6 6. O-O O-O 7. e5 Ne8 8. Bf4 Nc7 9. Qd2 dxe5 10. Bxe5 Nd5 11. Bd3 Bg4 12. Ng5 f6 13. h3 Bc8 14. Nxh7 Kxh7 15. Qe2 fxe5 16. Qh5+ Kg8 17. Qxg6 Rf6 18. Qh7+ Kf8 19. dxe5 Rh6 20. Qe4 Nxc3 21. Qf4+ Kg8 22. bxc3 Be6 23. Rab1 b6 24. Bc4 Bxc4 25. Qxc4+ Qd5 26. Qg4 Nd7 27. c4 Qe6 0-1


[Site "https://www.chess.com"]

[Event "Titled Tuesday Blitz January 25 2022"]
[White "Willow, Jonah B"]
[Black "Deac, Bogdan-Daniel"]
[WhiteFideId "438804"]
[BlackFideId "1226380"]
[WhiteElo "2877"]
[BlackElo "3011"]
[Result "0-1"]
[Round "05"]
[TimeControl "180+1"]
[Date "2022.01.26"]
[WhiteClock "0:00:30"]
[BlackClock "0:00:30"]

1. e4 c5 2. Nf3 Nc6 3. d4 cxd4 4. Nxd4 Nf6 5. Nc3 e5 6. Ndb5 d6 7. Bg5 a6 8. Na3 Be6 9. Nc4 Rb8 10. Ne3 Be7 11. g3 Nxe4 12. Nxe4 Bxg5 13. Nxd6+ Kf8 14. Bg2 Qa5+ 15. c3 Rd8 16. Qh5 Bxe3 17. Nxb7 Bd2+ 18. Kd1 Bxc3+ 19. Nxd8 Qxd8+ 20. Ke2 Bc4+ 21. Kf3 Qd5+ 22. Kg4 Qxg2 23. Qf5 Be6 0-1


[Site "https://www.chess.com"]

[Event "Titled Tuesday Blitz January 25 2022"]
[White "Zarubitski, Viachaslau"]
[Black "Jobava, Baadur"]
[WhiteFideId "13509373"]
[BlackFideId "13601520"]
[WhiteElo "2325"]
[BlackElo "2617"]
[Result "1/2-1/2"]
[Round "05"]
[TimeControl "180+1"]
[Date "2022.01.26"]
[WhiteClock "0:01:06"]
[BlackClock "0:00:30"]

1. d4 d5 2. c4 dxc4 3. Nf3 Nf6 4. e3 Bg4 5. Bxc4 e6 6. h3 Bh5 7. Nc3 Nc6 8. Bb5 Bb4 9. Qa4 Bxf3 10. gxf3 O-O 11. Bd2 Bxc3 12. Bxc3 Qd5 13. Be2 Rfd8 14. Rg1 Qf5 15. Qb5 Qxb5 16. Bxb5 g6 17. Rc1 Rab8 18. Ke2 a6 19. Bxc6 bxc6 20. b3 Rd5 21. Bd2 Rb6 22. Rc4 Rh5 23. Rgc1 Rxh3 24. Rxc6 Rxc6 25. Rxc6 h5 26. Rxa6 h4 27. e4 Nh5 28. Rc6 Rh2 29. Rc1 h3 30. Rg1 Rg2 31. Kf1 Ng3+ 32. fxg3 Rxd2 33. Rh1 h2 34. a4 Rb2 35. a5 Kg7 36. a6 Rxb3 37. Kg2 Rb2+ 38. Kh3 Ra2 39. Rxh2 Rxa6 40. Rc2 Ra4 41. Rxc7 Rxd4 1/2-1/2


[Site "https://www.chess.com"]

[Event "Titled Tuesday Blitz January 25 2022"]
[White "Zhigalko, Sergei"]
[Black "Ezat, Mohamed"]
[WhiteFideId "13502956"]
[BlackFideId "10600906"]
[WhiteElo "2662"]
[BlackElo "2386"]
[Result "1-0"]
[Round "05"]
[TimeControl "180+1"]
[Date "2022.01.26"]
[WhiteClock "0:00:03"]
[BlackClock "0:00:01"]

1. e4 c6 2. d4 d5 3. e5 c5 4. Nf3 Nc6 5. dxc5 Bg4 6. c3 e6 7. Be3 Nge7 8. Bb5 Bxf3 9. Qxf3 Qc7 10. Bd4 Nf5 11. O-O g5 12. Qh5 Be7 13. Nd2 Ng7 14. Qe2 h5 15. b4 Nf5 16. Nb3 g4 17. Rfe1 h4 18. Bd3 g3 19. Bxf5 exf5 20. e6 f6 21. fxg3 hxg3 22. h3 O-O-O 23. Qf3 Rdg8 24. Qxd5 Kb8 25. Qxf5 Rg5 26. Qf3 Rgh5 27. Rad1 a6 28. a4 a5 29. b5 Ne5 30. Qe2 Rf5 31. Rf1 Rg5 32. b6 Qc6 33. Nxa5 Qxa4 34. Ra1 Qe8 35. Qa2 Rxh3 36. Nc6+ 1-0


[Site "https://www.chess.com"]

[Event "Titled Tuesday Blitz January 25 2022"]
[White "Abarca Gonzalez, Nicolas"]
[Black "Vlassov, Nikolai"]
[WhiteFideId "3409422"]
[BlackFideId "4103360"]
[WhiteElo "2504"]
[BlackElo "2407"]
[Result "1/2-1/2"]
[Round "06"]
[TimeControl "180+1"]
[Date "2022.01.26"]
[WhiteClock "0:00:16"]
[BlackClock "0:00:34"]

1. e4 Nc6 2. d4 d5 3. e5 h5 4. c3 Bg4 5. Be2 Qd7 6. h3 Bf5 7. b4 h4 8. Nf3 f6 9. a4 e6 10. a5 a6 11. exf6 gxf6 12. Bf4 Bd6 13. Bxd6 cxd6 14. Nbd2 Nge7 15. Nf1 Kf7 16. Ne3 Rag8 17. Qb3 Be4 18. Kd2 Ng6 19. g3 hxg3 20. fxg3 Nge7 21. Rag1 Nf5 22. Nxf5 Bxf5 23. Nh4 Be4 24. Bf3 Rxh4 25. gxh4 Bxf3 26. Rxg8 Kxg8 27. Rg1+ Kf7 28. Qb1 Be4 29. Qd1 Ne7 30. Qh5+ Bg6 31. Rxg6 Nxg6 32. Qh7+ Ke8 33. Qxg6+ Qf7 34. h5 Ke7 35. Qg4 f5 36. Qg5+ Qf6 37. h4 Kf7 38. h6 Qg6 39. Ke3 e5 40. Kf3 Qxg5 41. hxg5 Kg6 42. Kg3 Kh7 43. Kf3 Kg6 44. Kg3 Kh7 45. Kf3 Kg6 1/2-1/2


[Site "https://www.chess.com"]

[Event "Titled Tuesday Blitz January 25 2022"]
[White "Aditya Mittal"]
[Black "Baules Rodriguez, Jorge Luis"]
[WhiteFideId "35042025"]
[BlackFideId "6600247"]
[WhiteElo "2287"]
[BlackElo "2375"]
[Result "0-1"]
[Round "06"]
[TimeControl "180+1"]
[Date "2022.01.26"]
[WhiteClock "0:00:03"]
[BlackClock "0:00:06"]

1. d4 Nf6 2. c4 g6 3. Nc3 d5 4. cxd5 Nxd5 5. Bd2 Bg7 6. e4 Nb6 7. Be3 O-O 8. Bb5 a6 9. Be2 Nc6 10. d5 Ne5 11. Bd4 c6 12. f4 Ned7 13. dxc6 bxc6 14. Bxg7 Kxg7 15. Nf3 Qc7 16. e5 Nc5 17. O-O Bf5 18. Qd4 Ne6 19. Qe3 Rfd8 20. Rfd1 c5 21. Rac1 Bg4 22. Ne4 Nd5 23. Rxd5 Rxd5 24. Bc4 Rdd8 25. Bxe6 Bxe6 26. Nxc5 Qb6 27. Ng5 Rab8 28. b3 Bd5 29. f5 h6 30. Nh3 gxf5 31. Nf4 Be4 32. Nh5+ Kh7 33. e6 fxe6 34. Nf4 Rg8 35. g3 e5 36. Nfe6 Rbc8 37. Rf1 Rc6 38. Qc3 Rxe6 39. b4 Rc6 40. Qc4 Rxc5 41. bxc5 Qg6 42. Re1 Bc6 43. Kf2 f4 44. Rxe5 fxg3+ 45. Ke2 Qg4+ 46. Qxg4 Rxg4 47. Rxe7+ Kg6 48. hxg3 Kh5 49. Re5+ Rg5 50. Re6 Rxc5 51. Kd3 Bb5+ 52. Kd4 Rg5 53. Kc3 Rxg3+ 54. Kb4 Rg4+ 55. Kc5 Rc4+ 56. Kb6 Ra4 57. Re5+ Kg4 58. Re3 h5 59. a3 h4 60. Rb3 h3 61. Rb1 h2 62. Rh1 Kg3 0-1


[Site "https://www.chess.com"]

[Event "Titled Tuesday Blitz January 25 2022"]
[White "Alavkin, Arseny"]
[Black "Maghsoodloo, Parham"]
[WhiteFideId "4120612"]
[BlackFideId "12539929"]
[WhiteElo "2391"]
[BlackElo "2630"]
[Result "0-1"]
[Round "06"]
[TimeControl "180+1"]
[Date "2022.01.26"]
[WhiteClock "0:01:30"]
[BlackClock "0:01:43"]

1. d4 Nf6 2. c4 e6 3. Nc3 d5 4. cxd5 exd5 5. Bg5 c6 6. e3 Bf5 7. Qf3 Bg6 8. Bxf6 Qxf6 9. Qxf6 gxf6 10. h4 h5 11. Nh3 Bd6 12. Ne2 Nd7 13. Nhf4 a5 14. Ng3 a4 15. Be2 a3 16. bxa3 Rxa3 17. O-O Ke7 18. Ngxh5 Rha8 19. Nxg6+ fxg6 20. Nf4 Bxf4 21. exf4 Rxa2 22. Rxa2 Rxa2 23. Bd3 f5 24. Rb1 b5 25. Rc1 Rd2 26. Bb1 Kd6 27. h5 gxh5 28. Bxf5 Nf6 29. Re1 Kc7 30. Re7+ Kb6 31. Re6 Ng4 32. Bxg4 hxg4 33. Kh2 b4 34. Kg3 b3 35. Re3 b2 36. Rb3+ Ka5 37. Kxg4 Ka4 38. Rb8 Ka3 39. Kg5 Rxd4 40. Rxb2 Kxb2 41. f5 Rd2 42. f6 Rxf2 43. g4 d4 44. Kg6 d3 45. f7 d2 46. Kg7 d1=Q 47. g5 Qd4+ 48. Kg8 Qg4 49. f8=Q Rxf8+ 50. Kh7 0-1


[Site "https://www.chess.com"]

[Event "Titled Tuesday Blitz January 25 2022"]
[White "Andreikin, Dmitry"]
[Black "Nesterov, Arseniy"]
[WhiteFideId "4158814"]
[BlackFideId "24198455"]
[WhiteElo "2736"]
[BlackElo "2489"]
[Result "1-0"]
[Round "06"]
[TimeControl "180+1"]
[Date "2022.01.26"]
[WhiteClock "0:00:14"]
[BlackClock "0:00:03"]

1. b3 d5 2. Bb2 Nf6 3. e3 Bf5 4. Ne2 e6 5. Ng3 Bg6 6. h4 h6 7. h5 Bh7 8. d4 Bd6 9. f4 Nbd7 10. Bd3 Bxd3 11. Qxd3 c5 12. Nd2 cxd4 13. Bxd4 Rc8 14. O-O-O O-O 15. Kb1 Nc5 16. Qe2 Na6 17. Nde4 Nxe4 18. Nxe4 dxe4 19. Be5 Bxe5 20. Rxd8 Rfxd8 21. fxe5 Nb4 22. Rd1 Rxd1+ 23. Qxd1 Nd5 24. Qd4 b5 25. Kb2 b4 26. Qxe4 Rc3 27. Qd4 Rxe3 28. Qxa7 Re2 29. a3 bxa3+ 30. Qxa3 Rxg2 31. b4 Rg5 32. c4 Rg2+ 33. Kc1 Rg1+ 34. Kd2 Rg2+ 35. Ke1 Nf4 36. Qa8+ Kh7 37. Qe4+ 1-0


[Site "https://www.chess.com"]